 Dungeon Sprint DCSS version 0.27.1-33-g824d729ab1 (webtiles) character file.

Game seed: 5841461120433973911

16659 Hipnos the Ninja (level 12, -12/67 HPs)
             Began as a Spriggan Brigand on Nov 26, 2021.
             Was an Elder of Trog.
             Succumbed to poison (dark miasma)
             ... in the Dungeon (Sprint I: "Red Sonja").
             The game lasted 00:25:04 (5092 turns).

Hipnos the Ninja (Spriggan Brigand)                 Turns: 5092, Time: 00:25:05

Health: -12/67     AC:  5    Str:  7    XL:     12   Next: 12%
Magic:  13/13      EV: 40    Int: 13    God:    Trog [****..]
Gold:   985        SH: 10    Dex: 27    Spells: 11/11 levels left

rFire    . . .     SeeInvis +   j - +7 Spriggan's Knife {stab, EV+4 Stlth+}
rCold    . . .     Faith    .   s - +2 buckler of Dockyug {Rampage Dex+6 Slay-3}
rNeg     . . .     Spirit   .   b - +0 robe
rPois    .         Reflect  .   (helmet restricted)
rElec    .         Harm     .   c - +2 cloak
rCorr    .         Rampage  +   (gloves unavailable)
Will     ++++.     NoTele   +   (boots unavailable) Stlth *+++++++++
                                (no amulet)
HPRegen  1.21/turn              (no ring)
MPRegen  0.13/turn              (no ring)

@: lethally poisoned (-12 -> -66), strong-willed, regenerating, slowed, quick
A: very small, no large weapons, unfitting armour, see invisible, speed 3
a: Renounce Religion, Berserk, Trog's Hand, Brothers in Arms


You were in the Dungeon.
You worshipped Trog.
Trog was greatly pleased with you.
You visited 1 branch You collected 1589 gold pieces.
You spent 604 gold pieces at shops.

Inventory:

Hand Weapons
 a - a +2 dagger
 f - a +1 dagger of distortion
 j - the +7 Spriggan's Knife (weapon) {stab, EV+4 Stlth+}
   (You found it in the Dungeon)

   It is more effective when stabbing unaware enemies, treating them as though
   they were completely helpless.
   EV:        It affects your evasion (+4).
   Stlth:     It makes you more stealthy.
 l - a +7 quick blade of flaming
 p - a +4 vorpal short sword
 v - a +5 vorpal rapier
Missiles
 d - 15 poisoned darts (quivered)
 r - 2 throwing nets
 u - 3 curare-tipped darts
Armour
 b - a +0 robe (worn)
 c - a +2 cloak (worn)
 s - the +2 buckler of Dockyug (worn) {Rampage Dex+6 Slay-3}
   (You found it in the Dungeon)

   Dex:       It affects your dexterity (+6).
   Slay:      It affects your accuracy & damage with ranged weapons and melee
   (-3).
   Rampage:   It bestows one free step when moving towards enemies.
Jewellery
 t - a +6 ring of dexterity
Wands
 e - a wand of flame (50)
 n - a wand of polymorph (8)
Scrolls
 k - a scroll of blinking
 q - a scroll of magic mapping {unknown}
Potions
 g - 6 potions of heal wounds
 h - a potion of haste
 i - 2 potions of magic
 m - a potion of ambrosia {unknown}
 o - 2 potions of curing


   Skills:
 + Level 10.0 Fighting
 + Level 13.2 Short Blades
 + Level 11.3 Throwing
 + Level 16.2 Dodging
 O Level 27 Stealth
 + Level 2.0 Shields
 + Level 2.4 Evocations


You had 11 spell levels left.
You didn't know any spells.
Your spell library was empty.

Dungeon Overview and Level Annotations

Branches:
Dungeon (1/1)

Altars:
Cheibriados
Dithmenos
Elyvilon
Fedhas
Gozag
Hepliaklqana
Kikubaaqudgha
Makhleb
Nemelex Xobeh
Okawaru
Qazlal
Ru
Sif Muna
Trog
Uskayaw
Vehumet
Wu Jian
Xom
Yredelemnul
Zin
The Shining One
Jiyva
Lugonu

Shops:
D !*(!((:?*?:=*?[[!

Annotations:
D exclusion: oklob plant, Lom Lobon


Innate Abilities, Weirdness & Mutations

You are very small and have problems with some larger weapons.
You are too small for most types of armour.
You have supernaturally acute eyesight. (SInv)
You cover ground extremely quickly. (Speed+++)


Message History

There is an open door here.
Press: ? - help, v - describe, . - travel, g - get item Item here: a short runed staff.
The floor.
There is a cloud of foul pestilence here.
You start waiting.
You recover from your berserk rage.
There is an open door here.
You see here a staff of cold.
You see here a staff of fire.
Really walk into that cloud of foul pestilence?
You are engulfed in dark miasma.
You are poisoned.
You feel yourself slow down.
You feel very sick.
There is an open door here.
You feel sick.
You are engulfed in dark miasma.
You are more poisoned.
You feel extremely sick.
You rampage towards Lom Lobon!
The helpless Lom Lobon fails to defend themself.
You skewer Lom Lobon like a kebab!!!!!
Lom Lobon is severely wounded.
You are engulfed in dark miasma.
You are more poisoned.
You feel extremely sick.
You fail to use your ability.
You are engulfed in dark miasma.
You are more poisoned.
* * * LOW HITPOINT WARNING * * *
You feel extremely sick.
Lom Lobon gestures.
A freezing vortex appears around Lom Lobon!
Lom Lobon completely misses you.
Your skin crawls.
You feel strong-willed.
You are engulfed in dark miasma.
You are more poisoned.
* * * LOW HITPOINT WARNING * * *
You die...

§§#§# #°#≈≈≈## §#§§#
###^#≈≈≈≈## ≈####
###...°#≈≈≈≈≈###### ≈#
#####°°°^####≈≈≈≈#≈≈≈≈≈
##
##^°°°°°°°#..#'≈≈≈'≈≈.≈≈
#
#.○.°○°°°°#...##≈≈#≈≈≈≈≈
##
..^○°°○°°°#....######'##
∩# #○○&○°°#....#≈≈≈≈≈≈≈≈
## #○○○@°○#######≈≈≈≈≈≈≈
# #○○○°○○○○|#..'..)≈≈≈≈
°°○○○°○○○○#○[':)#.......
########################


You could see Lom Lobon (vortex).

Vanquished Creatures
  the Lernaean hydra (D)
  A deep elf master archer (D)
  A deep elf annihilator (D)
  2 centaur warriors (D)
  Sonja (D)
  A deep troll (D)
  A lindwurm (D)
  An oklob plant (D)
  A merfolk siren (D)
  A gargoyle (D)
  2 kobold demonologists (D)
  7 unseen horrors (D)
  A hellwing (D)
  2 demonic crawlers (D)
  2 hornets (D)
  A slime creature (D)
  2 redbacks (D)
  Sigmund (D)
  A yak (D)
  11 hogs (D)
  3 floating eyes (D)
  7 necrophages (D)
  An ogre (D)
  8 jellies (D)
  Ijyb (D)
  A ballistomycete spore (D)
62 creatures vanquished.

Vanquished Creatures (collateral kills)
  A hydra (D)
1 creature vanquished.

Vanquished Creatures (others)
  A merfolk siren (D)
  A gargoyle (D)
  3 hornets (D)
  A ballistomycete spore (D)
6 creatures vanquished.

Grand Total: 69 creatures vanquished

Notes
Turn   | Place    | Note
-------+----------+-------------------------------------------
     0 | D        | Hipnos the Spriggan Brigand began the quest for the Orb.
     0 | D        | Reached XP level 1. HP: 10/10 MP: 2/2
     1 | D        | Noticed Ijyb
     4 | D        | Killed Ijyb
     5 | D        | Reached skill level 9 in Stealth
     5 | D        | Reached XP level 2. HP: 15/15 MP: 3/3
     6 | D        | Noticed an ogre
     9 | D        | Killed an ogre
    10 | D        | Reached skill level 13 in Stealth
    10 | D        | Reached XP level 3. HP: 19/19 MP: 4/4
    10 | D        | Reached XP level 4. HP: 23/23 MP: 5/5
    18 | D        | Noticed Sigmund
    42 | D        | Killed Sigmund
    43 | D        | Reached skill level 16 in Stealth
    43 | D        | Reached XP level 5. HP: 13/28 MP: 6/6
   133 | D        | Killed a gargoyle
   217 | D        | Found an ornate altar of the Wu Jian Council.
   217 | D        | Found a shimmering blue altar of Sif Muna.
   219 | D        | Found a radiant altar of Vehumet.
   224 | D        | Reached skill level 17 in Stealth
   224 | D        | Reached XP level 6. HP: 32/32 MP: 7/7
   226 | D        | Found Beosyver's Assorted Antiques.
   226 | D        | Found an ancient bone altar of Kikubaaqudgha.
   226 | D        | Found a hazy altar of Hepliaklqana.
   226 | D        | Found a stormy altar of Qazlal.
   226 | D        | Found a hide-covered altar of Uskayaw.
   226 | D        | Found a blossoming altar of Fedhas.
   226 | D        | Found a bloodstained altar of Trog.
   226 | D        | Found an iron altar of Okawaru.
   226 | D        | Found a basalt altar of Yredelemnul.
   226 | D        | Found a glowing golden altar of the Shining One.
   226 | D        | Found a snail-covered altar of Cheibriados.
   226 | D        | Found a sacrificial altar of Ru.
   226 | D        | Found a glowing silver altar of Zin.
   226 | D        | Found a shadowy altar of Dithmenos.
   226 | D        | Found a white marble altar of Elyvilon.
   226 | D        | Noticed a yak
   227 | D        | Found an opulent altar of Gozag.
   228 | D        | Killed a yak
   229 | D        | Reached skill level 18 in Stealth
   229 | D        | Found a sparkling altar of Nemelex Xobeh.
   233 | D        | Became a worshipper of Trog the Wrathful
   276 | D        | Found a burning altar of Makhleb.
   276 | D        | Found a viscous altar of Jiyva.
   276 | D        | Found a shimmering altar of Xom.
   276 | D        | Found a corrupted altar of Lugonu.
   276 | D        | Noticed a slime creature
   279 | D        | Killed a slime creature
   280 | D        | Reached skill level 20 in Stealth
   280 | D        | Reached XP level 7. HP: 36/36 MP: 8/8
   318 | D        | Noticed a kobold demonologist
   319 | D        | Noticed a kobold demonologist
   322 | D        | Noticed a soul eater
   327 | D        | Paralysed by a floating eye for 4 turns
   335 | D        | Noticed a rust devil
   340 | D        | Killed a kobold demonologist
   340 | D        | Reached * piety under Trog
   341 | D        | Reached skill level 5 in Short Blades
   341 | D        | Reached skill level 5 in Throwing
   341 | D        | Reached skill level 21 in Stealth
   369 | D        | Noticed a hellwing
   391 | D        | Killed a kobold demonologist
   391 | D        | Reached ** piety under Trog
   392 | D        | Reached skill level 22 in Stealth
   392 | D        | Reached XP level 8. HP: 14/42 MP: 9/9
   663 | D        | Noticed Sonja
   667 | D        | Killed Sonja
   668 | D        | Reached skill level 23 in Stealth
   668 | D        | Reached skill level 1 in Evocations
   685 | D        | Found Xekhit's Distillery.
   693 | D        | Bought 2 potions of heal wounds for 130 gold pieces
   693 | D        | Bought 2 potions of heal wounds for 130 gold pieces
   693 | D        | Bought a potion of heal wounds for 65 gold pieces
   693 | D        | Bought a potion of flight for 39 gold pieces
   705 | D        | Noticed a deep troll
   709 | D        | Killed a deep troll
   710 | D        | Reached skill level 5 in Dodging
   710 | D        | Reached skill level 24 in Stealth
   710 | D        | Reached XP level 9. HP: 46/46 MP: 10/10
   721 | D        | Found Utwojugh's Armour Emporium.
   992 | D        | Noticed a demonic crawler
   992 | D        | Noticed a demonic crawler
   992 | D        | Noticed a demonic crawler
   992 | D        | Noticed a demonic crawler
  1004 | D        | Killed a demonic crawler
  1015 | D        | Killed a demonic crawler
  1015 | D        | Reached *** piety under Trog
  1015 | D        | HP: 3/69 [demonic crawler (9)]
  1016 | D        | Reached skill level 25 in Stealth
  1245 | D        | Banished a demonic crawler
  1302 | D        | Banished a demonic crawler
  1303 | D        | Reached skill level 5 in Fighting
  1340 | D        | Noticed a lindwurm
  1343 | D        | Killed a lindwurm
  1361 | D        | Reached XP level 10. HP: 51/51 MP: 11/11
  1380 | D        | Reached **** piety under Trog
  1381 | D        | Reached skill level 26 in Stealth
  1416 | D        | Reached ***** piety under Trog
  1564 | D        | Noticed a 12-headed hydra
  2347 | D        | Noticed a centaur warrior
  2349 | D        | Noticed a centaur warrior
  2351 | D        | Killed a centaur warrior
  2352 | D        | Reached skill level 10 in Dodging
  2353 | D        | Killed a centaur warrior
  2354 | D        | Reached skill level 27 in Stealth
  2375 | D        | Noticed an oklob plant
  2377 | D        | Killed an oklob plant
  2386 | D        | Reached skill level 10 in Throwing
  2389 | D        | Reached XP level 11. HP: 58/58 MP: 12/12
  2463 | D        | Received a gift from Trog
  2517 | D        | Found Qiuxaepa's Distillery.
  2519 | D        | Found Sadirgh's Magic Scroll Boutique.
  2520 | D        | Found Xugalyid's Weapon Boutique.
  2520 | D        | Found Utibrir's Armour Emporium.
  2521 | D        | Found Jebliat's Distillery.
  2536 | D        | Received a gift from Trog
  2553 | D        | Identified the +2 buckler of Dockyug {Rampage Dex+6 Slay-3}
  2573 | D        | Found Ahoutaif's Antique Weapon Shop.
  2575 | D        | Found Xyitagh's Weapon Emporium.
  2575 | D        | Found Zoodos's Book Shop.
  2575 | D        | Found Tadghi Bite's Magic Scroll Shoppe.
  2575 | D        | Found Lonep's Assorted Antiques.
  2575 | D        | Found Tiziy's Magic Scroll Emporium.
  2575 | D        | Found Gakul's Book Shop.
  2575 | D        | Found Pahiuring's Jewellery Shoppe.
  2599 | D        | Found Pukyoc's Assorted Antiques.
  2602 | D        | Bought a scroll of enchant armour for 75 gold pieces
  2602 | D        | Bought a scroll of enchant weapon for 75 gold pieces
  2615 | D        | Bought a scroll of enchant armour for 90 gold pieces
  2708 | D        | Killed a 12-headed hydra
  2709 | D        | Reached skill level 10 in Short Blades
  2954 | D        | Noticed a deep elf annihilator
  2966 | D        | Noticed a daeva
  2971 | D        | Received a gift from Trog
  3929 | D        | Noticed the 27-headed Lernaean hydra
  3954 | D        | Killed the 27-headed Lernaean hydra
  3955 | D        | Reached skill level 15 in Dodging
  3955 | D        | Reached skill level 1 in Shields
  4564 | D        | Noticed a mummy priest
  4565 | D        | Noticed an oklob plant
  4582 | D        | Killed a deep elf annihilator
  4995 | D        | Noticed a deep elf master archer
  4995 | D        | Found the +7 Spriggan's Knife {stab, EV+4 Stlth+}
  4999 | D        | Killed a deep elf master archer
  5000 | D        | Reached skill level 10 in Fighting
  5000 | D        | Reached XP level 12. HP: 67/67 MP: 13/13
  5042 | D        | Noticed Lom Lobon
  5092 | D        | Succumbed to poison (dark miasma)

Illustrated notes

Levels and vault maps discovered:
D:        dungeon_sprint_1 [red_sonja_temple_1, red_sonja_temple_small_1]

Skill      XL: |  1  2  3  4  5  6  7  8  9 10 11 12 |
---------------+-------------------------------------+-----
Fighting       | 2 3 4 5 7 10 | 10.0
Stealth        | 9 13 16 17 20 22 24 25 27 | 27.0
Short Blades   | 3 4 5 6 8 13 | 13.2
Throwing       | 3 4 5 7 8 10 11 | 11.3
Dodging        | 2 3 5 7 11 16 | 16.2
Evocations     | 1 2 |  2.4
Shields        | 1 2 |  2.0

Action                   |  1- 3 |  4- 6 |  7- 9 | 10-12 || total
-------------------------+-------+-------+-------+-------++-------
Melee: Dagger            |     2 |    23 |    36 |   125 ||   186
       Quick blade       |       |       |       |    65 ||    65
       Rapier            |       |       |       |    29 ||    29
       Knife             |       |       |       |     1 ||     1
Throw: Dart              |       |     2 |    21 |    10 ||    33
Invok: Berserk           |       |       |     3 |     6 ||     9
       Trog's Hand       |       |       |     1 |     3 ||     4
       Brothers in Arms  |       |       |       |     8 ||     8
Evoke: Wand              |       |       |     2 |       ||     2
  Use: Potion            |       |       |     3 |     2 ||     5
       Scroll            |       |       |       |     4 ||     4
 Stab: Sleeping          |     2 |     3 |     4 |    20 ||    29
       Distracted        |       |       |       |     1 ||     1
Armor: Robe              |       |     1 |     7 |    13 ||    21
Dodge: Dodged            |       |     5 |    80 |   147 ||   232
Block: Buckler           |       |       |       |    12 ||    12
